 Dungeon Crawl Stone Soup version 0.18.1-50-g88ac8fd (webtiles) character file.

16 Amnesiac the Cutter (level 2, 0/18 HPs)
             Began as a Deep Elf Fighter on Mar 2, 2018.
             Slain by a goblin
             ... wielding a +0 club
             ... led by Robin
              (4 damage)
             ... on level 1 of the Dungeon.
             The game lasted 00:00:38 (238 turns).

Amnesiac the Cutter (Deep Elf Fighter)               Turns: 238, Time: 00:00:39

Health: 0/18       AC:  6    Str: 13    XL:     2   Next: 41%
Magic:  4/4        EV:  6    Int: 12    God:
Gold:   10         SH:  8    Dex: 14    Spells: 0 memorised, 1 level left

rFire  . . .     SeeInvis .     i - +2 spear (venom)
rCold  . . .     Gourm    .     b - +0 scale mail
rNeg   . . .     Faith    .     c - +0 shield
rPois  .         Spirit   .     (no helmet)
rElec  .         Dismiss  .     (no cloak)
rCorr  .         Reflect  .     (no gloves)
SustAt .         Harm     .     (no boots)
MR     .....                    (no amulet)
Stlth  ..........               (no ring)
                                (no ring)

@: not resistant to hostile enchantments, extremely unstealthy
A: no striking features
a: no special abilities


You were on level 1 of the Dungeon.
You were not hungry.

You visited 1 branch of the dungeon, and saw 2 of its levels.

You collected 10 gold pieces.

Inventory:

Hand Weapons
 a - a +0 rapier
 i - a +2 spear of venom (weapon)
Missiles
 g - a stone (quivered)
Armour
 b - a +0 scale mail (worn)
 c - a +0 shield (worn)
Scrolls
 e - a scroll of recharging {!r, unknown}
Potions
 d - a potion of might {!q}
 h - a potion of cancellation {!q, unknown}
Comestibles
 f - a bread ration


   Skills:
 - Level 2.4 Fighting
 + Level 3.1 Short Blades
 - Level 2.4 Armour
 - Level 2.4 Shields


You had one spell level left.
You didn't know any spells.

Dungeon Overview and Level Annotations

Branches:
Dungeon (2/15)

Altars:
Kikubaaqudgha
Xom

Annotations:
D:2 Robin


Message History

Found 10 gold pieces.
You puncture the giant newt!
You kill the giant newt!
The jackal bites you but does no damage. x2
Robin throws the goblin at you! The goblin hits you but does no damage.
There are no items here.
You barely miss the goblin. You block the jackal's attack.
You hit the goblin.
You kill the goblin!
Your Short Blades skill increases to level 3!
The jackal bites you but does no damage.
Robin roars a battlecry!
The jackal closely misses you.
Items here: )) †† a club; a runed spear; a goblin corpse; a giant newt corpse
i - a runed spear You block the jackal's attack.
You block the jackal's attack. You block the jackal's attack.
Wield which item (- for none, * to show all)? (? for menu, Esc to quit)
Your +2 spear of venom begins to drip with poison!
i - a +2 spear of venom (weapon)
Unknown command.
The jackal bites you.
* * * LOW HITPOINT WARNING * * *
A goblin comes into view.
The goblin shouts!
The goblin moves out of view.
A goblin comes into view. It is wielding a dagger.
You barely miss the jackal.
The jackal is moderately wounded.
The goblin shouts!
The goblin no longer looks unusually strong.
The jackal bites you but does no damage.
You block the jackal's attack.
A goblin comes into view. It is wielding a club.
The goblin shouts!
The goblin moves out of view.
You puncture the jackal!
You kill the jackal!
Your shield and scale mail prevent you from hitting the goblin.
The goblin hits you with a club.
* * * LOW HITPOINT WARNING * * *
Robin throws the goblin at you! The goblin hits you but does no damage.
The hobgoblin no longer looks unusually strong.
The goblin barely misses you.
Found a coppery potion.
You hit the goblin.
You kill the goblin!
A kobold comes into view.
The kobold shouts!
The goblin no longer looks unusually strong.
The kobold throws a stone.
You block the stone.
You see here a stone.
The kobold hits you.
* * * LOW HITPOINT WARNING * * *
You block the kobold's attack.
Found an escape hatch in the ceiling.
Found a robe.
There is an escape hatch in the ceiling here.
You block the goblin's attack. A mysterious force pulls you upwards.
The hatch slams shut behind you.
You closely miss the goblin. The goblin hits you with a club.
You die...

###.####.#.#
#........#.#
#.#.######..
#.#.######.#
#.#........# ##
#.#..####### #. #.#..#
###
#.#..#################
#.#
#.#............g@....#
#..
...............#####.#
#.# #.#..###.^^^...#
#.# #.#
#.#..###.._^...#####.#
#.#
#.#..##..^^^.........#
#.#
#.#..##........#######
#.# #.#..##...###..#
#.# #.#..####).....#
#.# #.#..####..##.##
#.#


You could see a goblin.

Vanquished Creatures
  A giant gecko (D:1)
  A bat (D:1)
  A giant cockroach (D:1)
  3 goblins
  A hobgoblin (D:1)
  3 jackals (D:2)
  A kobold (D:1)
  A giant newt (D:2)
12 creatures vanquished.

Notes
Turn   | Place    | Note
--------------------------------------------------------------
     0 | D:1      | Amnesiac the Deep Elf Fighter began the quest for the Orb.
     0 | D:1      | Reached XP level 1. HP: 13/13 MP: 3/3
     0 | D:1      | Noticed a merfolk zombie
    10 | D:1      | Noticed a merfolk zombie
    12 | D:1      | Noticed a merfolk zombie
    62 | D:1      | Found a shimmering altar of Xom.
   157 | D:1      | Reached XP level 2. HP: 14/18 MP: 4/4
   173 | D:2      | Noticed Robin
   175 | D:2      | Found an ancient bone altar of Kikubaaqudgha.
   210 | D:2      | Reached skill level 3 in Short Blades
   238 | D:1      | Slain by a goblin

Skill      XL: |  1  2 |
---------------+-------+-----
Short Blades   | 3 |  3.1
Fighting       | |  2.4
Armour         | |  2.4
Shields        | |  2.4

Action                   || total
-------------------------++-------
Melee: Rapier            ||    32
       Spear             ||     5
Armor: Scale mail        ||    22
Dodge: Dodged            ||    10
Block: Shield            ||    32
